 Dungeon Crawl Stone Soup version 0.30-a0-169-g06f667207d (webtiles) character file.

Game seed: 2988703847521757377

161 qw the Chopper (level 5, -2/32 HPs)
             Began as a Gargoyle Fighter on Sept 30, 2022.
             Slain by Sigmund
             ... wielding a +0 antimagic scythe
              (7 damage)
             ... while paralysed by Grinder
             ... on level 3 of the Dungeon.
             The game lasted 00:00:55 (3059 turns).

qw the Chopper (Gargoyle Fighter)                   Turns: 3059, Time: 00:00:56

Health: -2/32      AC: 14    Str: 22    XL:     5   Next: 42%
Magic:  3/5        EV:  2    Int:  8    God:
Gold:   100        SH:  0    Dex:  9    Spells: 4/4 levels left

rFire   . . .      SeeInvis .    Y - +0 war axe
rCold   . . .      Faith    .    c - +0 buckler
rNeg    + . .      Spirit   .    b - +0 scale mail
rPois   inf        Reflect  .    n - +1 helmet
rElec   +          Harm     .    (no cloak)
rCorr   .          Rampage  .    (no gloves)
Will    .....                    k - +0 pair of boots
Stlth   ..........               (no amulet)
HPRegen 0.10/turn                (no ring)
MPRegen 0.09/turn                (no ring)

@: paralysed
A: sickness immunity, AC +4, negative energy resistance 1, electricity
resistance, torment resistance 1, petrification resistance
a: no special abilities


You were on level 3 of the Dungeon.
You visited 1 branch of the dungeon, and saw 3 of its levels.

You collected 100 gold pieces.


Innate Abilities, Weirdness & Mutations

You are immune to sickness and miasma.
Your stone body is resilient. (AC +4)
You are immune to poison.
You resist negative energy. (rN+)
You are resistant to electric shocks. (rElec)
You are resistant to unholy torment.
You are immune to petrification.


   Skills:
 + Level 3.3 Fighting
 - Level 5.0 Axes
 - Level 3.2 Armour
 - Level 3.2 Shields


You had 4 spell levels left.
You didn't know any spells.
Your spell library was empty.

Inventory:

Hand Weapons
 h - a +0 mace
 Y - a +0 war axe (weapon)
Armour
 a - the +1 leather armour of Lilacs {rElec Will+ Slay+2}
   (You found it on level 3 of the Dungeon)

   Slay:      It affects your accuracy & damage with ranged weapons and melee
   (+2).
   rElec:     It insulates you from electricity.
   Will:      It increases your willpower.
 b - a +0 scale mail (worn)
 c - a +0 buckler (worn)
 k - a +0 pair of boots (worn)
 n - a +1 helmet (worn)
Scrolls
 e - 2 scrolls of identify
 l - a scroll of brand weapon {unknown}
 m - a scroll of blinking {unknown}
Potions
 d - a potion of might
 f - 2 potions of curing {unknown}
 g - a potion of attraction {unknown}
 i - a potion of lignification {unknown}
 j - a potion of haste
 o - a potion of degeneration {unknown}

Dungeon Overview and Level Annotations

Branches:
Dungeon (3/15)

Altars:
Elyvilon
Gozag
Nemelex Xobeh
Qazlal
Trog

Shops:
D:3 :

Annotations:
D:3 Grinder, Sigmund


Message History

Found a bloodstained altar of Trog.
The spellbook bursts into flames!
Trog roars with delight!
There is a shaft here.
m - a scroll labelled IFEFFU FIYGHE
Found a stone staircase leading down.
f - 2 black potions (gained 1)
Found a stone staircase leading up.
Enter note:
Enter note:
Enter note:
Found 5 poisoned darts.
Found a great sword.
There is a stone staircase leading up here.
o - a fizzy blue potion You see here a +0 great sword.
Grinder and Sigmund come into view.
Sigmund is wielding a +0 antimagic scythe.
Grinder shouts!
Sigmund shouts!
Sigmund mumbles some strange words.
Sigmund flickers and vanishes!
Deactivating autopickup; reactivate with Ctrl-A.
Grinder gestures at you. Pain shoots through your body!
Enter note:
Enter note: Grinder hits you!
You hit Grinder.
Grinder is lightly wounded.
Grinder says, "DUCK!"
Grinder blinks!
Grinder gestures at you. Pain shoots through your body!
Something hits you but does no damage. Grinder gestures at you.
You suddenly lose the ability to move!
Grinder hits you but does no damage. Something hits you.
You feel your power leaking away. Grinder hits you but does no damage.
Grinder hits you. Something hits you!
You die...

..>####....####.........#
.... #.[..# #.........#
....# #.#..# #.........#
#.#..# #.#....#### #.#..#
#.#....# #..# #......#
... ###....# ####....#
##. .....# #..@5...#
#..#.....##....##....#
..[..........## #....#
#........... #####..#
...#.....#. ##}.}####
.#...#.# # ##..>..##
....##.## ##.......##
........####...###...##
..........#}.}##.##}.}#


You could see Grinder.

Vanquished Creatures
  A scorpion (D:3)
  Terence (D:3)
  An adder (D:3)
  2 worms (D:2)
  A dart slug (D:3)
  4 ball pythons
  4 endoplasms
  3 giant cockroaches
  A goblin (D:3)
  3 hobgoblins
  11 jackals
  3 quokkas
  A bat (D:1)
  3 frilled lizards
  6 kobolds
  10 rats
55 creatures vanquished.

Notes
Turn   | Place    | Note
-------+----------+-------------------------------------------
     0 | D:1      | qw the Gargoyle Fighter began the quest for the Orb.
     0 | D:1      | Reached XP level 1. HP: 14/14 MP: 1/1
     0 | D:1      | 0 ||| qw: Version: 0.2-a-12-gaebbb33
     0 | D:1      | 0 ||| qw: Game counter: 1400
     0 | D:1      | 0 ||| qw: Always use a shield: true
     0 | D:1      | 0 ||| qw: God list: Okawaru
     0 | D:1      | 0 ||| qw: Allow faded altars: false
     0 | D:1      | 0 ||| qw: Do Orc after D:15 true
     0 | D:1      | 0 ||| qw: Do second Lair branch before Depths: true
     0 | D:1      | 0 ||| qw: Lair rune preference: random
     0 | D:1      | 0 ||| qw: Plans: Normal, Zot:1-4, God:TSO, Crypt, Tomb,
                  | Pan, Slime:5, Hells, Abyss, Orb
     0 | D:1      | 0 ||| PLANNING D:1-11
     9 | D:1      | 9 ||| Stepping ~*~*~tactically~*~*~ (stealth).
    10 | D:1      | 10 ||| Stepping ~*~*~tactically~*~*~ (stealth).
    22 | D:1      | 22 ||| Stepping ~*~*~tactically~*~*~ (stealth).
    40 | D:1      | Reached skill level 2 in Axes
   202 | D:1      | Reached XP level 2. HP: 19/19 MP: 2/2
   245 | D:1      | 245 ||| Stepping ~*~*~tactically~*~*~ (stealth).
   247 | D:1      | 247 ||| Stepping ~*~*~tactically~*~*~ (stealth).
   422 | D:1      | 422 ||| DROPPING +0 club.
   854 | D:1      | Reached skill level 3 in Axes
   936 | D:1      | Reached XP level 3. HP: 12/23 MP: 3/3
  1232 | D:1      | 1232 ||| UPGRADING to +0 pair of boots.
  1237 | D:1      | 1237 ||| READING scroll labelled TEKUASTR YPHU.
  1428 | D:2      | 1428 ||| Stepping ~*~*~tactically~*~*~ (stealth).
  1429 | D:2      | 1429 ||| Stepping ~*~*~tactically~*~*~ (stealth).
  1881 | D:2      | Found a sparkling altar of Nemelex Xobeh.
  2518 | D:2      | 2518 ||| UPGRADING to +1 helmet.
  2523 | D:2      | 2523 ||| READING scroll labelled MACHOT REDAPA.
  2524 | D:2      | 2524 ||| READING 2 scrolls labelled AMNESE FEOPP.
  2525 | D:2      | 2525 ||| READING scroll labelled ULODOT JOUM AMI.
  2526 | D:2      | 2526 ||| READING scroll labelled NIC GIQIDD.
  2627 | D:2      | 2627 ||| DRINKING 2 grey potions.
  2628 | D:2      | 2628 ||| DROPPING scroll of poison.
  2666 | D:3      | 2666 ||| Stepping ~*~*~tactically~*~*~ (stealth).
  2672 | D:3      | Reached XP level 4. HP: 28/28 MP: 4/4
  2699 | D:3      | Found Gunnia's Vocational Training.
  2707 | D:3      | Reached skill level 4 in Axes
  2707 | D:3      | Noticed a scorpion
  2718 | D:3      | Killed a scorpion
  2719 | D:3      | Reached XP level 5. HP: 32/32 MP: 5/5
  2756 | D:3      | Found an opulent altar of Gozag.
  2792 | D:3      | Found a stormy altar of Qazlal.
  2796 | D:3      | Identified the +1 leather armour of Lilacs {rElec Will+
                  | Slay+2}
  2804 | D:3      | Noticed Terence
  2811 | D:3      | Killed Terence
  2822 | D:3      | Reached skill level 5 in Axes
  2880 | D:3      | Found a white marble altar of Elyvilon.
  2978 | D:3      | Found a bloodstained altar of Trog.
  3052 | D:3      | Noticed Grinder
  3052 | D:3      | Noticed Sigmund
  3056 | D:3      | Paralysed by Grinder for 4 turns
  3059 | D:3      | HP: 5/32 [Grinder (6)]
  3059 | D:3      | Slain by Sigmund

Levels and vault maps discovered:
D:1:      dpeg_arrival_tiny_b, layout_basic
D:2:      layout_basic, basic_altar, corexii_shack
D:3:      layout_rooms, trog_book, nicolae_qazlal_general_emergency,
          elyvilon_altar_5, grunt_gozag_breadcrumbs, grunt_ministairs_8,
          nicolae_shop_vocational, uniq_grinder, uniq_sigmund, uniq_terence

Skill      XL: |  1  2  3  4  5 |
---------------+----------------+-----
Axes           | 2 3 4 5 |  5.0
Fighting       | |  3.3
Armour         | |  3.2
Shields        | |  3.2

Action                   |  1- 3 |  4- 6 || total
-------------------------+-------+-------++-------
Melee: War axe           |   137 |    35 ||   172
  Use: Scroll            |     5 |       ||     5
       Potion            |     1 |       ||     1
Armor: Scale mail        |    74 |    22 ||    96
Dodge: Dodged            |    62 |    14 ||    76
Block: Buckler           |    22 |     5 ||    27

Table legend:
 A = Non-vault XP
 B = Vault XP
 C = Vault XP percentage of total XP
 D = Non-vault monster count
 E = Vault monster count
 F = Vault count percentage of total count
                 A         B        C        D         E       F
            +---------+---------+-------+---------+---------+-------
      Total |     177 |      53 |  23.0 |      51 |       4 |   7.3
            +---------+---------+-------+---------+---------+-------
        D:1 |      40 |       0 |   0.0 |      24 |       0 |   0.0
        D:2 |      38 |       2 |   5.0 |      20 |       1 |   4.8
        D:3 |      99 |      51 |  34.0 |       7 |       3 |  30.0
            +---------+---------+-------+---------+---------+-------
